 Dungeon Crawl Stone Soup version 0.28-a0-1506-g3893175d92 (webtiles) character file.

Game seed: 14872265393553208499

5434 Essalna the Tainter (level 10, -2/63 HPs)
             Began as a Demonspawn Venom Mage on Jan 14, 2022.
             Was an Initiate of Ashenzari.
             Slain by a black bear (4 damage)
             ... on level 9 of the Dungeon.
             The game lasted 00:23:39 (8954 turns).

Essalna the Tainter (Demonspawn Venom Mage)         Turns: 8954, Time: 00:23:40

Health: -2/63      AC:  5    Str: 15    XL:     10   Next: 41%
Magic:  3/24       EV: 15    Int: 21    God:    Ashenzari [......]
Gold:   387        SH:  0    Dex: 13    Spells: 18/29 levels left

rFire   + . .      SeeInvis .   u - +9 whip of the Sky {freeze, rPois rC- rN+}
rCold   . . .      Faith    .   k - orb {light}
rNeg    + + .      Spirit   .   p - +2 robe {rC+ rF+}
rPois   +          Reflect  .   A - +0 helmet
rElec   .          Harm     .   (no cloak)
rCorr   .          Rampage  .   (no gloves)
Will    .....                   (no boots)
Stlth   +.........              l - amulet of regeneration
HPRegen 2.00/turn               D - +6 ring of strength
MPRegen 0.19/turn               g - ring of positive energy

@: lethally poisoned (-2 -> -2), glowing
A: claws 1, repulsion field 2, powered by death 2, demonic magic 1
a: Renounce Religion, Curse Item


You were on level 9 of the Dungeon.
You worshipped Ashenzari.
Ashenzari was noncommittal.
You visited 2 branches of the dungeon, and saw 10 of its levels.

You collected 387 gold pieces.

Inventory:

Hand Weapons
 o - a +2 dire flail of protection
 u - the +9 whip of the Sky (weapon) {freeze, rPois rC- rN+}
   (You found it on level 4 of the Dungeon)

   It freezes those it strikes, dealing additional cold damage.
   It can also slow down cold-blooded creatures.
   rC:        It makes you vulnerable to cold.
   rPois:     It protects you from poison.
   rN:        It protects you from negative energy.
Armour
 a - a +0 robe
 d - a +1 helmet
 k - an orb of light (worn)
 p - a +2 robe of resistance (worn)
 A - a +0 helmet (worn)
Jewellery
 g - a ring of positive energy (right claw)
 l - an amulet of regeneration (around neck)
 m - an amulet of reflection
 D - a +6 ring of strength (left claw)
Wands
 w - a wand of mindburst (6)
 z - a wand of iceblast (6)
Scrolls
 h - 8 scrolls of identify
 j - a scroll of blinking
 s - 2 scrolls of fear
 t - a scroll of fog
 v - a scroll of vulnerability {unknown}
 y - 3 scrolls of holy word {unknown}
 E - a scroll of enchant armour
 F - a scroll of teleportation {unknown}
Potions
 b - a potion of attraction
 c - 2 potions of might {unknown}
 e - 6 potions of curing {unknown}
 f - 3 potions of mutation {unknown}
 i - 3 potions of degeneration {unknown}
 n - 2 potions of invisibility {unknown}
 q - a potion of magic {unknown}
 r - 3 potions of ambrosia {unknown}
 x - a potion of haste {unknown}
 B - a potion of lignification {unknown}
 C - 2 potions of cancellation {unknown}


   Skills:
 - Level 1.7 Dodging
 - Level 1.7 Stealth
 + Level 10.0 Spellcasting
 - Level 4.1 Necromancy
 - Level 0.8 Transmutations
 + Level 11.1 Poison Magic


You had 18 spell levels left.
You knew the following spells:

 Your Spells              Type           Power      Damage    Failure   Level
a - Sting                 Tmut/Pois      100%       1d8       1%          1
b - Sublimation of Blood  Necr           27%        N/A       1%          2
c - Olgreb's Toxic Radia  Pois           55%        N/A       1%          4
d - Anguish               Hex/Necr       9%         N/A       28%         4

Your spell library contained the following spells:

 Spells                   Type           Power      Damage    Failure   Level
 Poisonous Vapours        Pois/Air       66%        N/A       1%          2
 Mephitic Cloud           Conj/Pois/Air  26%        N/A       4%          3
 Passwall                 Tmut/Erth      10%        N/A       9%          2
 Blink                    Tloc           20%        N/A       10%         2
 Ensorcelled Hibernation  Hex/Ice        20%        N/A       10%         2
 Gell's Gravitas          Tloc           10%        N/A       19%         3
 Lesser Beckoning         Tloc           10%        N/A       19%         3
 Swiftness                Air            10%        N/A       19%         3
 Teleport Other           Tloc           10%        N/A       19%         3
 Tukima's Dance           Hex            10%        N/A       19%         3
 Petrify                  Tmut/Erth      12%        N/A       47%         4
 Irradiate                Conj/Tmut      6%         3d15      83%         5
 Manifold Assault         Tloc           10%        N/A       87%         5
 Dispersal                Tloc           5%         N/A       100%        6
 Enfeeble                 Hex            5%         N/A       100%        7


Dungeon Overview and Level Annotations

Branches:
Dungeon (9/15)             Temple (1/1) D:7
   Lair: D:8-11         Orc: D:9-12

Altars:
Ashenzari
Cheibriados
Dithmenos
Elyvilon
Fedhas
Gozag
Hepliaklqana
Kikubaaqudgha
Nemelex Xobeh
Okawaru
Ru
Trog
Uskayaw
Vehumet
Wu Jian
Xom
Yredelemnul
Zin
The Shining One

Shops:
D:5 :


Innate Abilities, Weirdness & Mutations

You have sharp fingernails.
You are surrounded by a moderate repulsion field. (EV +3)
You regenerate health from kills.
Spells you cast may paralyse adjacent enemies.


Message History

The water moccasin barely misses you.
The black bear rages.
You hit the water moccasin.
The water moccasin seems to slow down.
You freeze the water moccasin.
The water moccasin is severely wounded.
The water moccasin misses you.
You barely miss the water moccasin.
The water moccasin is severely wounded.
The black bear rages.
The water moccasin closely misses you.
You barely miss the water moccasin.
The water moccasin is severely wounded.
The water moccasin is no longer moving slowly.
The water moccasin bites you!
* * * LOW HITPOINT WARNING * * *
You are lethally poisoned!
The water moccasin poisons you!
Casting: Sting (safe; 1% risk of failure)
Confirm with . or Enter, or press ? or * to list all spells.
Aiming: Sting (safe; 1% risk of failure)
Press: ? - help, Shift-Dir - straight line, f/p - water moccasin
Aim: a water moccasin (severely wounded, poisoned, haloed, 73% to hit)
The sting hits the water moccasin.
The water moccasin partially resists.
The water moccasin looks even sicker.
The water moccasin is severely wounded.
Malevolent energies surge around you.
The water moccasin suddenly stops moving!
* * * LOW HITPOINT WARNING * * *
You feel very sick.
The helpless water moccasin fails to defend itself.
You hit the water moccasin. You freeze the water moccasin.
The water moccasin is almost dead.
* * * LOW HITPOINT WARNING * * *
You feel very sick.
The helpless water moccasin fails to defend itself.
You hit the water moccasin. You freeze the water moccasin.
You kill the water moccasin!
You feel very sick. The black bear bites you.
You die...

#........†≈≈≈P..#.#
#..#≈###≈≈P≈≈≈P≈#.#
#....# #.≈≈≈≈♣≈≈..# #
##.#.###≈≈♣≈♣≈≈≈≈.#
#.###.#.##P.≈≈≈♣≈≈≈≈.#
#.........≈≈≈♣♣≈♣♣≈≈P#
####.####≈†≈≈≈≈PPP♣P..
#...####.≈≈♣≈≈.≈P≈♣≈.
#...@h†.$≈≈≈≈≈P#P≈≈P≈
#...#####.≈≈♣.≈###P≈≈≈.
#.#. #..≈≈≈#####≈≈♣P
#.#. #.≈♣≈≈.#≈≈#≈P≈P #
≈ ...≈≈≈≈.≈≈≈≈P.≈† ≈
≈≈#.≈≈..≈≈≈≈≈≈P≈≈
...≈#.≈P.≈≈≈≈≈≈≈..P ≈≈≈
#.#..≈≈≈≈≈≈≈.## ≈≈ #.
##≈≈≈≈≈≈.##


You could see a black bear (berserk, very poisoned).

Vanquished Creatures
  A boulder beetle (D:9)
  A kobold demonologist (D:9)
  A troll (D:9)
  Sigmund (D:2)
  2 wyverns (D:9)
  2 steam dragons (D:6)
  Edmund (D:6)
  4 water moccasins (D:9)
  Duvessa (D:5)
  A black bear (D:9)
  A sky beast (D:6)
  4 ice beasts
  An orc warrior (D:8)
  A necrophage (D:6)
  4 centaurs
  A wolf (D:9)
  3 bullfrogs
  Blork the orc (D:4)
  A gnoll sergeant (D:7)
  2 scorpions
  A wyvern zombie (D:8)
  Dowan (D:5)
  3 wights (D:8)
  3 electric eels (D:9)
  2 bullfrog zombies
  A howler monkey (D:5)
  A centaur zombie (D:8)
  7 hounds
  2 orc priests
  A bullfrog skeleton (D:6)
  3 iguanas
  Natasha (thrice) (D:2)
  3 orc wizards
  3 killer bee zombies
  2 howler monkey zombies
  11 gnolls
  9 adders
  2 white imps
  An adder skeleton (D:5)
  4 worms
  3 dart slugs (D:1)
  20 orcs
  3 ball pythons (D:1)
  5 endoplasms
  A giant cockroach (D:1)
  6 goblins
  5 hobgoblins
  A quokka (D:2)
  5 bats
  5 frilled lizards
  6 kobolds
  3 rats
160 creatures vanquished.

Vanquished Creatures (collateral kills)
  A hornet (D:5)
1 creature vanquished.

Vanquished Creatures (others)
  5 fungi
  52 plants
57 creatures vanquished.

Grand Total: 218 creatures vanquished

Notes
Turn   | Place    | Note
-------+----------+-------------------------------------------
     0 | D:1      | Essalna the Demonspawn Venom Mage began the quest for the
                  | Orb.
     0 | D:1      | Reached XP level 1. HP: 13/13 MP: 3/3
   482 | D:1      | Gained mutation: You are surrounded by a mild repulsion
                  | field. (EV +2) [demonic ancestry]
   482 | D:1      | Reached XP level 2. HP: 16/19 MP: 0/5
  1622 | D:2      | Gained mutation: Spells you cast may paralyse adjacent
                  | enemies. [demonic ancestry]
  1622 | D:2      | Reached XP level 3. HP: 15/24 MP: 2/7
  2019 | D:2      | Noticed Natasha
  2029 | D:2      | Killed Natasha
  2030 | D:2      | Reached skill level 4 in Poison Magic
  2030 | D:2      | Gained mutation: You regenerate a little health from kills.
                  | [demonic ancestry]
  2030 | D:2      | Reached XP level 4. HP: 18/30 MP: 0/8
  2319 | D:2      | Learned a level 2 spell: Sublimation of Blood
  2369 | D:2      | Noticed Sigmund
  2382 | D:2      | Killed Sigmund
  2383 | D:2      | Gained mutation: You have sharp fingernails. [demonic
                  | ancestry]
  2383 | D:2      | Reached XP level 5. HP: 6/35 MP: 1/10
  2643 | D:2      | Noticed Natasha
  2651 | D:2      | Killed Natasha
  2823 | D:2      | Reached XP level 6. HP: 34/41 MP: 6/12
  2883 | D:2      | Noticed Natasha
  2893 | D:2      | Killed Natasha
  2992 | D:3      | Reached skill level 5 in Poison Magic
  3053 | D:3      | Learned a level 4 spell: Olgreb's Toxic Radiance
  4445 | D:4      | Noticed Blork the orc
  4460 | D:4      | Killed Blork the orc
  4461 | D:4      | Reached XP level 7. HP: 33/46 MP: 2/13
  4638 | D:5      | Entered Level 5 of the Dungeon
  4706 | D:5      | Found Borad's Book Shoppe.
  4725 | D:5      | Noticed a hornet
  4733 | D:5      | Killed a hornet
  4734 | D:5      | Reached skill level 5 in Spellcasting
  4734 | D:5      | Reached skill level 6 in Poison Magic
  4763 | D:5      | Gained mutation: You are surrounded by a moderate repulsion
                  | field. (EV +3) [demonic ancestry]
  4763 | D:5      | Reached XP level 8. HP: 52/52 MP: 4/16
  4803 | D:5      | Noticed Duvessa
  5016 | D:6      | Reached skill level 7 in Poison Magic
  5105 | D:6      | Noticed Edmund
  5152 | D:6      | Killed Edmund
  5208 | D:6      | Reached skill level 8 in Poison Magic
  5299 | D:6      | Learned a level 4 spell: Anguish
  5311 | D:5      | Found a sacrificial altar of Ru.
  5358 | D:5      | Found an opulent altar of Gozag.
  5563 | D:5      | Killed Duvessa
  5679 | D:5      | Noticed Dowan
  5687 | D:5      | Killed Dowan
  5688 | D:5      | Reached XP level 9. HP: 57/57 MP: 14/20
  6067 | D:4      | Identified the +9 whip of the Sky {freeze, rPois rC- rN+}
  6665 | D:6      | Found a hide-covered altar of Uskayaw.
  6741 | D:6      | Reached skill level 9 in Poison Magic
  6960 | D:7      | Found a radiant altar of Vehumet.
  7120 | D:7      | Found an ancient bone altar of Kikubaaqudgha.
  7204 | D:7      | Found a staircase to the Ecumenical Temple.
  7213 | Temple   | Entered the Ecumenical Temple
  7670 | D:8      | Found a broken altar of Ashenzari.
  7696 | D:8      | Became a worshipper of Ashenzari the Shackled
  8381 | D:9      | Reached skill level 10 in Poison Magic
  8495 | D:9      | Noticed a troll
  8495 | D:9      | Noticed a boulder beetle
  8498 | D:9      | Noticed a kobold demonologist
  8504 | D:9      | Killed a boulder beetle
  8505 | D:9      | Gained mutation: You regenerate health from kills. [demonic
                  | ancestry]
  8505 | D:9      | Reached XP level 10. HP: 34/63 MP: 8/23
  8923 | D:9      | Reached skill level 11 in Poison Magic
  8929 | D:9      | Reached skill level 10 in Spellcasting
  8953 | D:9      | HP: 3/63 [poisoned by a water moccasin]
  8954 | D:9      | Slain by a black bear

Illustrated notes

Levels and vault maps discovered:
D:1:      kennysheep_arrival_seaside, layout_basic
D:2:      layout_loops_ring, uniq_natasha, uniq_sigmund
D:3:      layout_basic, serial_bayou_pond_b
D:4:      layout_gridville, chequers_serial_rivers_small_3, uniq_blork_the_orc
D:5:      layout_rooms, kennysheep_mini, nicolae_ru_the_path_less_chosen,
          serial_shops, shop, enter_ossuary_2, minivault_11,
          amcnicky_mini_corridor_feature, kennysheep_small_circle, uniq_duvessa
D:6:      kennysheep_steamy, layout_basic, nicolae_uskayaw_dance_hall,
          uniq_edmund
D:7:      layout_basic, nicolae_vehumet_radiance, lemuel_round_altar,
          minmay_temple_entry_glass
D:8:      layout_loops_cross, ashenzari_altar_1
D:9:      layout_basic, mainiacjoe_overflow_big_doors, minmay_lair_entry_grove,
          nicolae_stop_n_shop_2, serial_bayou_lagoon_a
Temple:   dshaligram_water_room_temple

Skill      XL: |  1  2  3  4  5  6  7  8  9 10 |
---------------+-------------------------------+-----
Spellcasting   | 3 4 5 7 9 10 | 10.0
Poison Magic   | 4 5 6 8 10 11 | 11.1
Necromancy     | 2 3 4 |  4.1
Dodging        | |  1.7
Stealth        | |  1.7
Transmutations | |  0.8

Action                   |  1- 3 |  4- 6 |  7- 9 | 10-12 || total
-------------------------+-------+-------+-------+-------++-------
Melee: Unarmed           |    14 |    21 |    96 |       ||   131
       Dire flail        |       |       |    28 |       ||    28
       Whip              |       |       |    84 |    26 ||   110
 Cast: Sting             |    73 |   119 |   156 |    32 ||   380
       Olgreb's Toxic Ra |       |     1 |     9 |     6 ||    16
  Use: Scroll            |       |       |     7 |       ||     7
 Stab: Paralysed         |       |     4 |    41 |     9 ||    54
Armor: Robe              |    14 |     6 |    71 |    13 ||   104
       Skin              |       |     1 |       |       ||     1
Dodge: Dodged            |    52 |    34 |   201 |    48 ||   335

Table legend: (Time is in decaauts)
 A = Elapsed time spent in this place.
 B = Non-inter-level travel time spent in this place.
 C = Inter-level travel time spent in this place.
 D = Time resting spent in this place.
 E = Time spent auto-exploring this place.
 F = Levels seen in this place.
 G = Mean time per level.
                   A        B        C        D        E       F      G
               +--------+--------+--------+--------+--------+-----+--------+
         Total |   8988 |   8475 |    513 |     10 |   6735 |  10 |  898.8 |
       Dungeon |   8855 |   8364 |    491 |     10 |   6635 |   9 |  983.9 |
        Temple |    132 |    110 |     22 |      0 |    100 |   1 |  132.0 |
               +--------+--------+--------+--------+--------+-----+--------+

Top non-repeatable levels by time:
     D:1: 1587 daAuts
     D:2: 1388 daAuts
     D:4: 1111 daAuts
     D:3: 1036 daAuts
     D:6: 897 daAuts
     D:5: 808 daAuts
     D:8: 722 daAuts
     D:7: 689 daAuts
     D:9: 615 daAuts
  Temple: 132 daAuts
